 Dungeon Crawl Stone Soup version 0.32-a0-818-gb728d0252e (webtiles) character file.

Game seed: 9841808953849770117

710 jlumianski the Chopper (level 7, -9/52 HPs)
             Began as a Coglin Gladiator on Mar 24, 2024.
             Mangled by a two-headed ogre
             ... wielding a +0 giant club
              (21 damage)
             ... on level 5 of the Dungeon.
             The game lasted 00:10:15 (3686 turns).

jlumianski the Chopper (Coglin Gladiator)           Turns: 3686, Time: 00:10:15

Health: -9/52      AC:  7    Str: 16    XL:     7   Next: 68%
Magic:  7/7        EV: 11    Int:  7    God:
Gold:   221        SH:  0    Dex: 16    Spells: 6/6 levels left

rFire   . . .        a - +1 war axe {Wei}
rCold   . . .        v - +2 short sword (flame) {Lucia}
rNeg    . . .        j - +0 ring mail
rPois   +            c - +0 helmet
rElec   .            (no cloak)
rCorr   .            z - +0 pair of gloves
SInv    .            (no boots)
Will    .....        (amulet unavailable)
Stlth   +            (ring unavailable)
HPRegen 0.28/turn    (ring unavailable)
MPRegen 0.10/turn    (no gizmo)

%: no passive effects
@: revving
A: off-hand wielding, slow wielding, warmup strikes, no jewellery, poison
resistance
a: Invent Gizmo


You were on level 5 of the Dungeon.
You visited 1 branch of the dungeon, and saw 7 of its levels.

You collected 221 gold pieces.

Inventory:

Hand Weapons
 a - a +1 war axe (weapon) {Wei}
 f - a +0 dagger {Gerda}
 v - a +2 short sword of flaming (offhand) {Lucia}
Missiles
 d - 3 throwing nets
 e - a javelin
 g - 2 atropa-tipped darts
 i - 10 boomerangs (quivered)
 r - 9 poisoned darts
Armour
 b - a +0 leather armour
 c - a +0 helmet (worn)
 j - a +0 ring mail (worn)
 z - a +0 pair of gloves (worn)
Magical Staves
 s - a staff of air
Talismans
 n - a flux talisman
Wands
 y - a wand of charming (9)
Scrolls
 h - 2 scrolls of fear
 l - 2 scrolls of amnesia
 u - a scroll of teleportation
Potions
 k - a potion of ambrosia {unknown}
 m - a potion of curing
 o - a potion of might
 p - 2 potions of mutation
 q - a potion of lignification {unknown}


   Skills:
 + Level 3.4 Fighting
 + Level 2.8 Short Blades
 + Level 6.0 Axes
 + Level 1.9 Throwing
 + Level 3.0 Armour
 + Level 3.2 Dodging
 + Level 0.1 Stealth


You had 6 spell levels left.
You didn't know any spells.
Your spell library was empty.

Dungeon Overview and Level Annotations

Branches:
Dungeon (7/15)
 Temple: D:4-7

Altars:
Elyvilon
Nemelex Xobeh

Shops:
D:4 :


Innate Abilities, Weirdness & Mutations

You can wield a second weapon in your off-hand.
It takes a long time for you to wield or remove held weapons.
Your first few attacks do less damage.
You cannot equip rings or amulets.
Your system is resistant to poisons. (rPois)


Message History

Found a stone staircase leading down.
There is a stone staircase leading down here.
You climb downwards.
Found a dented soapstone amulet and a sling.
Found a stone staircase leading down.
There is a stone staircase leading up here.
There is a stone staircase leading down here.
You climb downwards.
Found a flux talisman and 10 gold pieces.
There is a stone staircase leading up here.
You see here a flux talisman.
n - a flux talisman
There is a stone staircase leading up here.
You climb upwards.
There is a stone staircase leading down here.
There is a stone staircase leading up here.
You climb upwards.
You hear the hiss of flowing sand.
There is an entrance to an ossuary on this level.
Hurry and find it before the portal is buried!
There is a stone staircase leading down here.
You hear the brisk hiss of a very distant avalanche of sand.
There is a stone staircase leading down here.
A two-headed ogre comes into view. It is wielding two +0 giant clubs.
There is an open door here.
Throw: 10 boomerangs
Press: ? - help, Q - select action, (/) - cycle Shift-Dir - straight line, f - two-headed ogre
Aim: a two-headed ogre, wielding two +0 giant clubs (73% to hit)
You throw a boomerang.
The boomerang barely misses the two-headed ogre.
Press: ? - help, v - describe, . - travel The floor.
The two-headed ogre hits you with a +0 giant club!!
Ouch! That really hurt!
The two-headed ogre barely misses you.
You barely miss the two-headed ogre with your +2 short sword of flaming.
You completely miss the two-headed ogre with your +1 war axe.
The two-headed ogre hits you with a +0 giant club!
* * * LOW HITPOINT WARNING * * *
The two-headed ogre hits you with a +0 giant club!!
You die...

#.#######.# #.# #.#
#.##### #.# ......#
#.#
#..##.###.#########
#...#.....>.......#
.....####.#######.#
#.........# #'..#
##.######## ##@.#
#.# #O..# #.# ##..#
#+## '..# #...##
#..# .....## '..#
......## #..#
.......# '.##
.......+


You could see a two-headed ogre.

Vanquished Creatures
  Sigmund (D:4)
  2 phantoms
  A scorpion (D:3)
  A howler monkey (D:5)
  A bombardier beetle (D:4)
  A sleepcap (D:3)
  An iguana (D:4)
  2 orc wizards (D:5)
  4 gnolls (D:3)
  6 adders
  2 ribbon worms
  3 dart slugs
  6 orcs
  8 ball pythons
  6 endoplasms
  4 giant cockroaches
  8 goblins
  3 hobgoblins
  5 kobolds
  2 quokkas (D:2)
  5 bats
  3 frilled lizards
  4 rats
79 creatures vanquished.

Notes
Turn   | Place    | Note
-------+----------+-------------------------------------------
     0 | D:1      | jlumianski the Coglin Gladiator began the quest for the
                  | Orb.
     0 | D:1      | Reached XP level 1. HP: 16/16 MP: 1/1
   256 | D:1      | Reached XP level 2. HP: 13/22 MP: 2/2
  1208 | D:2      | Reached XP level 3. HP: 22/27 MP: 3/3
  1250 | D:2      | Gained mutation: Your system is resistant to poisons.
                  | (rPois) [potion of mutation]
  1391 | D:3      | Reached skill level 1 in Armour
  1660 | D:2      | Reached XP level 4. HP: 31/34 MP: 4/4
  2052 | D:3      | Reached skill level 4 in Axes
  2062 | D:3      | Reached XP level 5. HP: 23/39 MP: 5/5
  2741 | D:3      | Reached skill level 1 in Short Blades
  2744 | D:4      | Noticed a phantom
  2752 | D:3      | Killed a phantom
  2753 | D:3      | Reached skill level 5 in Axes
  2753 | D:3      | Reached XP level 6. HP: 45/46 MP: 6/6
  2781 | D:4      | Found a white marble altar of Elyvilon.
  2781 | D:4      | Found a sparkling altar of Nemelex Xobeh.
  3335 | D:5      | Entered Level 5 of the Dungeon
  3421 | D:5      | Reached XP level 7. HP: 51/52 MP: 7/7
  3435 | D:4      | Noticed Sigmund
  3443 | D:4      | Killed Sigmund
  3454 | D:4      | Found Lyni's Tiny Tomes.
  3481 | D:5      | Reached skill level 6 in Axes
  3681 | D:5      | Noticed a two-headed ogre
  3686 | D:5      | Mangled by a two-headed ogre

Illustrated notes

Levels and vault maps discovered:
D:1:      dpeg_arrival_round_a, layout_basic, roderic_lattice_a, minmay_bisected
D:2:      layout_basic
D:3:      layout_loops_corners, kennysheep_generic_room_7
D:4:      layout_cave_pools, grunt_temple_overflow_open,
          nicolae_shop_i_like_small_books_too, uniq_sigmund
D:5:      layout_loops_corners, enter_ossuary_1, serial_library,
          serial_library_regret_index_small_wings,
          serial_library_hellmonk_filled_rooms,
          serial_library_hellmonk_hallway_a,
          serial_library_regret_index_headful,
          serial_library_hellmonk_metal_room, nrook_mini_backslash
D:6:      layout_cave_pools, makhleb_grotto_becter, xom_redecorated,
          minmay_temple_entry_glass, minmay_misc_feat_four_crosses
D:7:      layout_rooms, serial_shops, shop

Skill      XL: |  1  2  3  4  5  6  7 |
---------------+----------------------+-----
Armour         | 1 2 3 |  3.0
Dodging        | 3 |  3.2
Axes           | 4 5 6 |  6.0
Short Blades   | 1 2 |  2.8
Fighting       | 3 |  3.4
Throwing       | |  1.9
Stealth        | |  0.1

Action                     |  1- 3 |  4- 6 |  7- 9 || total
---------------------------+-------+-------+-------++-------
  Melee: War axe           |    60 |   102 |    15 ||   177
         Dagger            |    56 |    49 |       ||   105
         Short sword       |       |    48 |    15 ||    63
  Throw: Boomerang         |       |     3 |     1 ||     4
    Use: Potion            |     1 |       |       ||     1
         Scroll            |       |     4 |     5 ||     9
 Armour: Ring mail         |    43 |    64 |    11 ||   118
         Leather armour    |     4 |       |       ||     4
  Dodge: Dodged            |    35 |    70 |    10 ||   115

Table legend: (Time is in decaauts)
 A = Elapsed time spent in this place.
 B = Non-inter-level travel time spent in this place.
 C = Inter-level travel time spent in this place.
 D = Time resting spent in this place.
 E = Time spent auto-exploring this place.
 F = Levels seen in this place.
 G = Mean time per level.
                   A        B        C        D        E       F      G
               +--------+--------+--------+--------+--------+-----+--------+
         Total |   3725 |   3580 |    145 |    209 |   2412 |   7 |  532.1 |
       Dungeon |   3725 |   3580 |    145 |    209 |   2412 |   7 |  532.1 |
               +--------+--------+--------+--------+--------+-----+--------+

Top non-repeatable levels by time:
     D:3: 1316 daAuts
     D:1: 1085 daAuts
     D:2: 792 daAuts
     D:4: 275 daAuts
     D:5: 243 daAuts
     D:6: 7 daAuts
     D:7: 4 daAuts
